 Dungeon Crawl Stone Soup version 0.31.0-9-g3a7656b989 (webtiles) character file.

Game seed: 4111790068186675474

31 Arctor the Vexing (level 3, 0/20 HPs)
             Began as a Kobold Hexslinger on Jan 24, 2024.
             Succumbed to an adder's poison
             ... on level 2 of the Dungeon.
             The game lasted 00:00:37 (1055 turns).

Arctor the Vexing (Kobold Hexslinger)               Turns: 1055, Time: 00:00:38

Health: 0/20       AC:  5    Str:  4 (5)  XL:     3   Next: 40%
Magic:  5/5        EV: 14    Int: 13 (14) God:
Gold:   24         SH:  0    Dex: 18 (19) Spells: 5/5 levels left

rFire   . . .        a - +1 sling
rCold   + . .        (no shield)
rNeg    . . .        l - +1 leather armour {rC+}
rPois   .            (no helmet)
rElec   .            (no cloak)
rCorr   .            (no gloves)
SInv    .            f - +0 pair of boots
Will    .....        (no amulet)
Stlth   ++           (no ring)
HPRegen 0.23/turn    (no ring)
MPRegen 0.09/turn

%: no passive effects
@: mighty, lethally poisoned (0 -> -1)
A: small, no large weapons, nightstalker 3
a: no special abilities


You were on level 2 of the Dungeon.
You visited 1 branch of the dungeon, and saw 2 of its levels.

You collected 24 gold pieces.

Inventory:

Hand Weapons
 a - a +1 sling (weapon)
Armour
 c - a +0 robe
 f - a +0 pair of boots (worn)
 l - a +1 leather armour of cold resistance (worn)
Talismans
 g - a blade talisman
Scrolls
 b - a scroll of poison
 d - a scroll of noise {unknown}
 e - a scroll of identify {unknown}
 h - a scroll of revelation {unknown}
 i - 2 scrolls of immolation {unknown}


   Skills:
 + Level 1.5 Fighting
 + Level 3.1 Ranged Weapons
 + Level 2.8 Dodging
 + Level 1.5 Spellcasting
 + Level 3.2 Hexes
 - Level 1.1 Fire Magic
 + Level 0.4 Shapeshifting


You had 5 spell levels left.
You didn't know any spells.
Your spell library contained the following spells:

 Spells                   Type           Power      Damage    Failure   Level
 Jinxbite                 Hex            18%        N/A       19%         2
 Sigil of Binding         Hex            9%         N/A       36%         3
 Inner Flame              Hex/Fire       6%         N/A       50%         3
 Cause Fear               Hex            4%         N/A       77%         4
 Dimensional Bullseye     Hex/Tloc       2%         N/A       94%         4


Dungeon Overview and Level Annotations

Branches:
Dungeon (2/15)

Altars:


Innate Abilities, Weirdness & Mutations

You are small and have problems with some larger weapons.
You are completely attuned to the shadows.


Message History

The adder poisons you!
You shoot a sling bullet.
The sling bullet hits the adder but does no damage.
The adder is lightly wounded.
You feel very sick. The adder misses you.
You shoot a sling bullet. The sling bullet misses the adder.
You feel sick. The adder misses you. The adder bites you.
You are more poisoned.
The adder poisons you!
An adder is nearby!
You shoot a sling bullet. The sling bullet hits the adder.
The adder is severely wounded.
You feel very sick. The adder bites you but does no damage.
The adder closely misses you.
You don't know any spells.
Sorry, you're not good enough to have a special ability.
You shoot a sling bullet.
The sling bullet closely misses the adder.
You feel sick. The adder bites you.
* * * LOW HITPOINT WARNING * * *
The adder bites you but does no damage.
You shoot a sling bullet.
The sling bullet closely misses the adder.
* * * LOW HITPOINT WARNING * * *
You feel sick. The adder bites you.
* * * LOW HITPOINT WARNING * * *
You shoot a sling bullet. The sling bullet hits the adder!
You kill the adder!
* * * LOW HITPOINT WARNING * * *
You feel sick.
Unknown command.
It was a potion of might.
You feel very mighty all of a sudden.
* * * LOW HITPOINT WARNING * * *
You feel sick.
It was a potion of degeneration.
There was something very wrong with that liquid.
You feel weakened.
You feel dopey.
You feel clumsy.
You die...

...
#.#
#.#
#†#
#@#
#.#
#.#
#.#
#.#
#†#
#.#
#.#
#.#


There were no monsters in sight!

Vanquished Creatures
  An adder (D:2)
  2 dart slugs (D:1)
  3 ball pythons
  4 bats
  An endoplasm (D:1)
  2 hobgoblins (D:1)
  2 quokkas (D:1)
  A frilled lizard (D:1)
  2 rats (D:1)
18 creatures vanquished.

Notes
Turn   | Place    | Note
-------+----------+-------------------------------------------
     0 | D:1      | Arctor the Kobold Hexslinger began the quest for the Orb.
     0 | D:1      | Reached XP level 1. HP: 12/12 MP: 2/2
   146 | D:1      | Reached XP level 2. HP: 16/16 MP: 3/3
   763 | D:1      | Reached XP level 3. HP: 20/20 MP: 5/5
   865 | D:1      | Found a faded altar of an unknown god.
  1054 | D:2      | HP: 1/20 [poisoned by an adder]
  1055 | D:2      | Succumbed to an adder's poison

Illustrated notes

Levels and vault maps discovered:
D:1:      beargit_arrival_greenhouse, layout_basic,
          chequers_ecumenical_altar_lobes, wad_floor_pattern_1,
          chequers_serial_rivers_small_3, chequers_serial_rivers_small_b,
          eino_curves_02
D:2:      layout_loops_ring, roderic_roman_lattice,
          minmay_misc_feat_secret_circle, kennysheep_generic_room_13,
          uniq_jessica, uniq_crazy_yiuf_cottage

Skill      XL: |  1  2 |
---------------+-------+-----
Ranged Weapons | 3 |  3.1
Fighting       | |  1.5
Dodging        | |  2.8
Spellcasting   | |  1.5
Hexes          | |  3.2
Fire Magic     | |  1.1
Shapeshifting  | |  0.4

Action                     || total
---------------------------++-------
   Fire: Sling             ||    48
    Use: Potion            ||     2
 Armour: Robe              ||     3
         Leather armour    ||    10
  Dodge: Dodged            ||    14
